 Dungeon Crawl Stone Soup version 0.28.0-53-g5a82cb258f (webtiles) character file.

Game seed: 17882365481176051666

30 croobank the Covert (level 3, 0/35 HPs)
             Began as a Gnoll Delver on May 25, 2022.
             Succumbed to a kobold's poison
             ... on level 1 of the Dungeon.
             The game lasted 00:05:40 (1008 turns).

croobank the Covert (Gnoll Delver)                  Turns: 1008, Time: 00:05:41

Health: 0/35       AC:  3    Str: 11    XL:     3   Next: 18%
Magic:  3/3        EV: 13    Int: 11    God:
Gold:   56         SH:  0    Dex: 13    Spells: 3/3 levels left

rFire   . . .      SeeInvis .   p - +0 whip (vamp)
rCold   . . .      Faith    .   (no shield)
rNeg    . . .      Spirit   .   b - +0 leather armour
rPois   .          Reflect  .   (no helmet)
rElec   .          Harm     .   (no cloak)
rCorr   .          Rampage  .   (no gloves)
Will    .....                   (no boots)
Stlth   ++++......              (no amulet)
HPRegen 0.11/turn               (no ring)
MPRegen 0.08/turn               (no ring)

@: mighty, lethally poisoned (0 -> -6), attractive
A: fangs 1, strong nose, distributed training
a: no special abilities


You were on level 1 of the Dungeon.
You visited 1 branch of the dungeon, and saw 5 of its levels.

You collected 56 gold pieces.

Inventory:

Hand Weapons
 a - a +0 hand axe
 e - a +0 hunting sling
 p - a +0 vampiric whip (weapon)
Missiles
 o - 14 stones (quivered)
Armour
 b - a +0 leather armour (worn)
 m - a +0 scale mail
Jewellery
 d - a ring of flight
Wands
 g - a wand of digging (2)
Scrolls
 c - 2 scrolls of fog
 h - a scroll of teleportation
 k - a scroll of identify {unknown}
 l - a scroll of blinking {unknown}
Potions
 f - 2 potions of haste


   Skills:
 + Level 6.5 Fighting
 + Level 0.6 Short Blades
 + Level 0.6 Long Blades
 + Level 4.5 Axes
 + Level 0.6 Maces & Flails
 + Level 0.6 Polearms
 + Level 0.6 Staves
 + Level 0.6 Slings
 + Level 0.6 Bows
 + Level 0.6 Crossbows
 + Level 0.6 Throwing
 + Level 0.6 Armour
 + Level 4.5 Dodging
 + Level 9.5 Stealth
 + Level 0.6 Shields
 + Level 0.6 Unarmed Combat
 + Level 0.6 Spellcasting
 + Level 0.4 Conjurations
 + Level 0.4 Hexes
 + Level 0.4 Summonings
 + Level 0.4 Necromancy
 + Level 0.4 Translocations
 + Level 0.4 Transmutations
 + Level 0.4 Fire Magic
 + Level 0.4 Ice Magic
 + Level 0.4 Air Magic
 + Level 0.4 Earth Magic
 + Level 0.4 Poison Magic
 + Level 0.8 Invocations
 + Level 0.6 Evocations


You had 3 spell levels left.
You didn't know any spells.
Your spell library was empty.

Dungeon Overview and Level Annotations

Branches:
Dungeon (5/15)             Temple (0/1) D:4

Altars:

Shops:
D:5 :

Annotations:
D:4 Menkaure


Innate Abilities, Weirdness & Mutations

You have very sharp teeth.
Your uncanny sense of smell can sniff out nearby items.
Your experience applies equally to all skills.


Message History

You feel very sick.
The kobold hits you with a +1 dagger of venom.
You are more poisoned.
It was a potion of heal wounds.
You feel much better.
You feel extremely sick. The kobold hits you but does no damage.
You are lethally poisoned!
You hit the kobold.
You kill the kobold!
You feel extremely sick.
A bat comes into view.
It was a potion of might.
You feel very mighty all of a sudden.
You feel very sick. The kobold hits you with a +0 dagger.
You closely miss the kobold.
The kobold is heavily wounded.
* * * LOW HITPOINT WARNING * * *
You feel very sick. The kobold closely misses you.
It was a potion of attraction.
You feel attractive to monsters.
* * * LOW HITPOINT WARNING * * *
You feel very sick. The kobold barely misses you.
The bat is attracted toward you.
You closely miss the kobold.
The kobold is moderately wounded.
* * * LOW HITPOINT WARNING * * *
You feel very sick. The kobold hits you but does no damage.
The bat is attracted toward you.
You whack the kobold!
You feel better.
You kill the kobold!
* * * LOW HITPOINT WARNING * * *
You feel sick. The bat is attracted toward you.
You whack the endoplasm!
You feel better.
You kill the endoplasm!
* * * LOW HITPOINT WARNING * * *
You feel sick.
You barely miss the giant cockroach. Your bite misses the giant cockroach.
You die...

...# #..# ...+ #
#g.# ...# #. #..##∆∆
# .... ∆ ..
#...##..# ...
.###.#...!...#..#
........## #.###..
.........####.......
#####...§.gB@....#
## #####+###b####..#
.# #.........# # .#
#........## .#
#........# .#
#....†...# .#
#######..# .# ##.#
.############.#


You could see a giant cockroach, a goblin and a bat.

Vanquished Creatures
  A worm (D:2)
  A ball python (D:1)
  2 endoplasms (D:1)
  A giant cockroach (D:1)
  3 goblins
  A hobgoblin (D:1)
  2 jackals (D:2)
  5 kobolds
  2 quokkas
  3 bats
  A frilled lizard (D:1)
  2 rats
24 creatures vanquished.

Vanquished Creatures (others)
  A ghoul (D:1)
  An octopode (D:1)
  An elf (D:1)
  A merfolk (D:1)
  2 formicids (D:1)
  A dwarf (D:1)
  2 tengu (D:1)
  2 orcs (D:1)
  A kobold (D:1)
  12 tentacles (D:1)
24 creatures vanquished.

Grand Total: 48 creatures vanquished

Notes
Turn   | Place    | Note
-------+----------+-------------------------------------------
     0 | D:5      | Reached skill level 9 in Stealth
     0 | D:5      | croobank the Gnoll Delver began the quest for the Orb.
     0 | D:5      | Reached XP level 1. HP: 23/23 MP: 1/1
    55 | D:5      | Found Paro's Self-Improvement Boutique.
   278 | D:5      | Noticed a bullfrog
   287 | D:4      | Noticed Menkaure
   524 | D:2      | Reached XP level 2. HP: 18/29 MP: 2/2
   737 | D:1      | Killed a formicid
   738 | D:1      | Killed a tengu
   740 | D:1      | Killed an octopode
   741 | D:1      | Killed a tengu
   747 | D:1      | Killed a merfolk
   748 | D:1      | Killed a dwarf
   749 | D:1      | Killed a formicid
   751 | D:1      | Killed an elf
   759 | D:1      | Killed a ghoul
   940 | D:1      | Reached XP level 3. HP: 35/35 MP: 3/3
  1008 | D:1      | Succumbed to a kobold's poison

Illustrated notes

Levels and vault maps discovered:
D:1:      nicolae_arrival_kraken_aquarium_a, layout_basic,
          minmay_close_crescents
D:2:      layout_basic, minmay_misc_feat_diagonals, minmay_cupped, uniq_robin,
          uniq_sigmund, uniq_crazy_yiuf_cottage
D:3:      layout_basic, led_sif_book, hellmonk_ecumenical_altar_run_dry,
          serial_rivers, chequers_serial_rivers_micro_c,
          chequers_serial_rivers_small_a, chequers_serial_rivers_room_b,
          chequers_serial_rivers_micro_a, chequers_serial_rivers_micro_e
D:4:      layout_cave_pools, nemelex_dance_club_becter,
          minmay_temple_entry_waves, serial_column_ruins,
          column_ruins_square_huge, column_ruins_hut,
          column_ruins_columns_water, column_ruins_grid_1,
          column_ruins_corridor_straight, column_ruins_columns_straight,
          column_ruins_open_small, column_ruins_grid_3,
          column_ruins_open_medium, portal_sewer_entry_b,
          minmay_misc_feat_enclosed, eino_tiny_chamber, sigmund_army,
          uniq_blork_the_orc, uniq_menkaure
D:5:      layout_cave_pods, mainiacjoe_overflow_24_doors, nicolae_shop_self_help

Skill      XL: | |
---------------+-+-----
Stealth        | |  9.5
Fighting       | |  6.5
Short Blades   | |  0.6
Long Blades    | |  0.6
Axes           | |  4.5
Maces & Flails | |  0.6
Polearms       | |  0.6
Staves         | |  0.6
Slings         | |  0.6
Bows           | |  0.6
Crossbows      | |  0.6
Throwing       | |  0.6
Armour         | |  0.6
Dodging        | |  4.5
Shields        | |  0.6
Unarmed Combat | |  0.6
Spellcasting   | |  0.6
Conjurations   | |  0.4
Hexes          | |  0.4
Summonings     | |  0.4
Necromancy     | |  0.4
Translocations | |  0.4
Transmutations | |  0.4
Fire Magic     | |  0.4
Ice Magic      | |  0.4
Air Magic      | |  0.4
Earth Magic    | |  0.4
Poison Magic   | |  0.4
Invocations    | |  0.8
Evocations     | |  0.6

Action                   || total
-------------------------++-------
Melee: Hand axe          ||    48
       Bite              ||     4
       Punch             ||     2
       Whip              ||    15
Evoke: Wand              ||     1
  Use: Scroll            ||     3
       Potion            ||     3
 Stab: Sleeping          ||     7
Armor: Leather armour    ||    10
Dodge: Dodged            ||    40
